Cogmind - Beta 16.1 @@@ ROGUE MODE // 2026.04.20 @ 09:35:48 Player: Shimejimeji Result: Destroyed by P-70 Sage with High-powered Shock Rifle Performance ------------- Evolutions (6) 3000 Regions Visited (17) 3400 Robots Destroyed (121) 605 Value Destroyed (4056) 4056 Prototype IDs (52) 1040 Alien Tech Used (0) 0 Bonus (3939) 3939 TOTAL SCORE: 16040 Bonus ------- Follower Combat Kills 522 Delivered SUBCON Basin 2000 Registered with UFD 300 Met Optimus in HQ 500 Met Warlord at Base 500 MAIN.C Attacked Warlord 500 Friendly Fire -383 Cogmind --------- Core Integrity 0/1150 Matter 243/300 Energy 99/100 System Corruption 2% Temperature Cool (0) Movement Core (50) Location -4/Factory Parts ------- > --- POWER (2) -------- (None) > --- PROPULSION (6) --- (None) > --- UTILITY (8) ------ (None) > --- WEAPON (3) ------- (None) > --- INVENTORY (5) ---- Vortex Rifle (25) Heavy Neutron Cannon Enhanced Coil Gun Smartbomb Launcher Peak State ------------ > --- POWER ------------ Neutrino Core Light Antimatter Reactor > --- PROPULSION ------- Combat Airjet Combat Gravmag System Improved Gyrokinetic Inverter Improved Gyrokinetic Inverter Improved Gyrokinetic Inverter Combat Linear Gravjet > --- UTILITY ---------- Advanced Cooling System Large Storage Unit Advanced Sensor Array Advanced Signal Interpreter Improved Transmission Jammer Enhanced Scrap Shield Advanced Hacking Suite > --- WEAPON ----------- Heavy Neutron Cannon KE Penetrator Shock Maul > --- INVENTORY -------- Angular Momentum Engine Antigrav System Linear Gravjet Vortex Rifle Vortex Rifle KE Penetrator Enhanced Coil Gun Mass Driver Smartbomb Launcher DRS Beacon [Rating: 122] Favorites ----------- Power Light Nuclear Core Engine Angular Momentum Engine Power Core Light Nuclear Core Reactor Particle Reactor Propulsion Improved Gravmag System Treads Light Treads Leg Aluminum Leg Wheel Centrium Wheel Hover Unit Improved Gravmag System Utility Large Storage Unit Device Advanced Sensor Array Storage Large Storage Unit Processor Advanced Signal Interpreter Hackware Advanced Hacking Suite Protection Light Armor Plating Weapon Shock Maul Energy Gun Plasma Rifle Energy Cannon Light EM Pulse Cannon Ballistic Gun Makeshift Shrapnel Gun Ballistic Cannon Mini Assault Cannon Launcher Rocket Launcher Special Weapon CPS Tube Impact Weapon Shock Maul Slashing Weapon Ripper Build | -11 -10 -10 -8 -8 -6 -6 -6 -5 -5 -5 -5 -5 -5 -4 -4 -4 -4 ------- Run | Yrd Mat Sub Rec Scr Fac Was Fac Fac Was Fac Upp Upp War Pro Fac Was Fac Slots Evolved 12 | . . . . . 8 . . 2 . . . . . . 2 . . Power 1 | . . . . . . . . 1 . . . . . . . . . Propulsion 4 | . . . . . 3 . . 1 . . . . . . . . . Utility 6 | . . . . . 4 . . . . . . . . . 2 . . Weapon 1 | . . . . . 1 . . . . . . . . . . . . Parts Attached 140 | 7 19 13 . 3 30 3 3 20 . 7 1 1 10 1 4 2 16 Power 15 | 1 3 1 . 1 2 1 1 1 . 1 . . . . . . 3 Engine 6 | 1 1 . . 1 2 . . . . 1 . . . . . . . Core 5 | . 2 1 . . . . . 1 . . . . . . . . 1 Reactor 4 | . . . . . . 1 1 . . . . . . . . . 2 Propulsion 42 | 2 7 1 . 1 7 1 1 10 . 1 . . 4 . 1 . 6 Treads 12 | . 2 1 . 1 3 1 1 2 . . . . . . . . 1 Leg 9 | 2 5 . . . . . . 2 . . . . . . . . . Wheel 2 | . . . . . . . . 2 . . . . . . . . . Hover 19 | . . . . . 4 . . 4 . 1 . . 4 . 1 . 5 Flight . | . . . . . . . . . . . . . . . . . . Utility 38 | 2 5 2 . . 13 1 . 6 . 1 1 1 . . 2 . 4 Device 16 | 1 . . . . 8 . . 2 . 1 . . . . 2 . 2 Storage 4 | 1 2 . . . . . . 1 . . . . . . . . . Processor 6 | . 1 . . . 2 . . . . . . 1 . . . . 2 Hackware 3 | . . . . . 1 . . 2 . . . . . . . . . Protection 9 | . 2 2 . . 2 1 . 1 . . 1 . . . . . . Artifact . | . . . . . . . . . . . . . . . . . . Weapon 45 | 2 4 9 . 1 8 . 1 3 . 4 . . 6 1 1 2 3 Energy Gun 7 | . . . . . 2 . 1 . . . . . 2 . . 1 1 Energy Cannon 9 | . 3 2 . . . . . . . 1 . . 1 . . . 2 Ballistic Gun 14 | 2 1 4 . . 3 . . 3 . 1 . . . . . . . Ballistic Cannon 5 | . . 1 . . 1 . . . . . . . 1 . 1 1 . Launcher 5 | . . 2 . . . . . . . 2 . . 1 . . . . Special Weapon 2 | . . . . 1 . . . . . . . . . 1 . . . Impact Weapon 2 | . . . . . 2 . . . . . . . . . . . . Slashing Weapon 1 | . . . . . . . . . . . . . 1 . . . . Piercing Weapon . | . . . . . . . . . . . . . . . . . . Special Melee Weapon . | . . . . . . . . . . . . . . . . . . Unidentified Prototypes 18 | . . . . . 4 2 . 1 . 3 1 . 3 1 . . 3 Parts Lost 19 | . . . . . 6 . . 2 . 1 . . 2 . . . 8 Power 3 | . . . . . . . . 1 . . . . 1 . . . 1 Propulsion 11 | . . . . . 4 . . 1 . 1 . . 1 . . . 4 Utility 3 | . . . . . 1 . . . . . . . . . . . 2 Weapon 2 | . . . . . 1 . . . . . . . . . . . 1 Highest Loss Streak 6 | . . . . . 2 . . 1 . 1 . . 2 . . . 6 To Critical Strikes . | . . . . . . . . . . . . . . . . . . Average Backups 11 | 3 8 13 . 9 11 12 12 13 11 11 11 10 10 11 10 10 10 Power 1 | . 2 1 . . . 1 2 2 1 1 2 1 . . . . . Propulsion 1 | 1 2 2 . . 1 . 2 3 2 1 2 2 1 2 1 1 1 Utility 3 | . 2 3 . 4 3 3 3 3 5 4 3 3 3 3 2 2 1 Weapon 4 | . 1 5 . 3 5 7 4 4 3 4 4 4 5 6 6 6 6 Tool/Special . | . . . . . . . . . . . . . . . . . . Unused Backups 19 | . 2 6 . . 5 . . 2 . 1 . . . . . 1 2 Power 4 | . 1 2 . . . . . . . . . . . . . . 1 Propulsion 5 | . . 1 . . 2 . . . . . . . . . . 1 1 Utility 6 | . . 1 . . 3 . . 2 . . . . . . . . . Weapon 4 | . 1 2 . . . . . . . 1 . . . . . . . Tool/Special . | . . . . . . . . . . . . . . . . . . Average Slot Usage (%) 85 | . 99 99 79 51 86 67 79 82 100 99 99 93 93 99 93 92 82 Engine 3 | . 3 . . 3 5 6 . 1 11 10 11 5 4 5 5 5 3 Core 6 | . 10 13 10 7 . . . . . . . 4 5 5 5 5 2 Treads 13 | . 6 27 20 21 16 2 12 6 . . . . . . . . . Leg 2 | . 21 . . . . . . . . . . . . . . . . Hover 10 | . . . . . 8 20 1 13 35 35 35 35 34 35 31 31 29 Device 9 | . 6 11 . . 8 10 13 10 11 15 16 17 17 17 16 16 14 Storage 9 | . 14 13 10 10 6 6 6 5 5 5 5 5 5 5 5 5 4 Processor 4 | . . . . . 12 13 13 11 11 6 5 5 5 5 5 5 4 Hackware 2 | . . . . . 5 6 6 5 5 5 5 5 5 5 5 5 4 Protection 2 | . 6 2 10 . 2 . . . . . . . . . 2 2 . Energy Gun 1 | . . . . . 5 . 5 4 5 . . . 3 10 . . 1 Energy Cannon 5 | . 13 14 . . . . . . . 4 5 . . . 4 3 . Ballistic Gun 7 | . 14 9 10 7 6 . 5 6 11 7 9 4 1 . 7 7 5 Ballistic Cannon 1 | . . 3 . . 1 . 5 3 . . . . . . . . . Impact Weapon 1 | . . . . . 2 . . . . 2 1 5 5 5 2 1 4 Peak Build Rating 122 | 7 12 47 47 28 73 64 79 99 95 99 99 98 112 106 116 117 122 Average Rating 48 | 5 9 14 42 23 60 54 74 82 94 96 98 92 92 103 113 110 100 On Entrance 66 | . 7 12 47 22 17 58 63 75 95 94 98 98 93 104 104 110 106 Avg Prop Armor Cover (%) 17 | . . . . . 5 23 1 19 . . . . . . . . 10 Naked Turns 105 | . . . . 37 . . . . . . . . . . . . 68 Heaviest Build 87 | 13 36 54 54 34 51 40 51 69 59 68 68 66 70 70 87 87 84 Greatest Support 140 | 20 40 40 40 48 116 32 140 140 68 70 70 70 76 72 74 74 76 Greatest Overweight (x) 11 | 3 1 1 1 11 1 1 . 3 . . . . 1 . 1 1 1 Average Overweight (x) . | . . . . . . . . . . . . . . . . . . Largest Inventory Capacity 20 | 8 15 15 15 15 15 15 15 20 15 15 15 15 15 15 15 15 15 Average Capacity 14 | 7 10 14 15 14 15 15 15 15 15 15 15 15 15 15 15 15 14 Most Carried 15 | 4 13 15 15 15 15 15 15 15 13 15 15 15 15 15 15 15 15 Average Carried 12 | 3 8 14 11 10 13 14 13 14 12 13 14 14 14 15 13 13 13 Final Capacity 15 | 8 15 15 15 15 15 15 15 15 15 15 15 15 15 15 15 15 5 Final Carried 15 | 4 13 15 5 15 14 15 15 12 13 14 15 15 15 15 14 15 5 Class Distribution -------------------- 56% | Mutant 19% | Scout 9% | Skirmisher 5% | Tank Dominant Class ---------------- Mutant | -10/Materials Mutant | -10/Subcaves Tank | -8/Recycling Mutant | -8/Scraptown Mutant | -6/Factory Scout | -6/Waste Skirmisher | -6/Factory Skirmisher | -5/Factory Scavenger-Scout | -5/Waste Scout | -5/Factory Scout | -5/Upper Caves Scout | -5/Upper Caves Scout | -5/Warlord Scout | -4/Proximity Caves Skirmisher | -4/Factory Skirmisher | -4/Waste Mutant | -4/Factory Resources | -11 -10 -10 -8 -8 -6 -6 -6 -5 -5 -5 -5 -5 -5 -4 -4 -4 -4 ----------- Run | Yrd Mat Sub Rec Scr Fac Was Fac Fac Was Fac Upp Upp War Pro Fac Was Fac Matter Collected 6191 | 336 551 722 . 70 1456 433 71 802 . 310 145 222 268 . 81 224 500 Remotely . | . . . . . . . . . . . . . . . . . . Salvage Created 4847 | 164 742 765 . . 1359 . 114 455 . 392 . 145 . . 170 . 541 Parts 226 | 14 49 44 . . 41 . 8 25 . 6 . 12 . . 5 . 22 Haulers Intercepted 2 | . 1 . . . 1 . . . . . . . . . . . . Recyclers Shooed 2 | . 1 . . . . . . . . 1 . . . . . . . Parts Field Recycled . | . . . . . . . . . . . . . . . . . . Retrieved Matter . | . . . . . . . . . . . . . . . . . . Parts Self-Destructed 51 | . . 22 . . . . . . . . . 29 . . . . . Prevented 2 | . . 1 . . . . . . . . . 1 . . . . . Parts Restored . | . . . . . . . . . . . . . . . . . . Kills | -11 -10 -10 -8 -8 -6 -6 -6 -5 -5 -5 -5 -5 -5 -4 -4 -4 -4 ------- Run | Yrd Mat Sub Rec Scr Fac Was Fac Fac Was Fac Upp Upp War Pro Fac Was Fac Combat Hostiles Destroyed 82 | . 16 20 . . 18 . 4 11 . 1 . 5 . . 2 . 5 Guns 37 | . 10 4 . . 9 . 3 7 . . . 1 . . 1 . 2 Cannons 27 | . 6 13 . . 2 . 1 4 . . . . . . 1 . . AOE 11 | . . 1 . . 3 . . . . . . 4 . . . . 3 Classes Destroyed 16 | 2 5 2 . . 5 . . . . . . 1 . . . . 1 Worker 7 | . . . . . 3 . . . . 4 . . . . . . . Builder 7 | . . . . . 7 . . . . . . . . . . . . Tunneler 5 | 5 . . . . . . . . . . . . . . . . . Hauler 2 | . 1 . . . 1 . . . . . . . . . . . . Recycler 9 | 1 . . . . 3 . . . . 2 . . . . . . 3 Operator 3 | . 2 . . . 1 . . . . . . . . . . . . Watcher 5 | . 3 . . . 1 . . . . . . . . . . . 1 Swarmer 20 | . 3 4 . . 2 . 3 4 . . . 4 . . . . . Cutter 3 | . . . . . . . . . . . . . . . . . 3 Grunt 25 | . 13 2 . . 5 . . 4 . . . . . . . . 1 Duelist 1 | . . . . . 1 . . . . . . . . . . . . Protector 1 | . . . . . . . . . . . . 1 . . . . . Sentry 7 | . . 1 . . 3 . . 1 . . . . . . 2 . . Hunter 3 | . . . . . 2 . . . . 1 . . . . . . . Programmer 9 | . . . . . 5 . 1 2 . . . . . . . . 1 Subdweller 13 | . . 13 . . . . . . . . . . . . . . . Packrat 1 | . . . . . . . . . . . . 1 . . . . . Wasp 1 | . . . . . . . . . . . . . . . . . 1 Best Kill Streak 6 | 4 3 3 . . 6 . 3 4 . 4 . 4 . . 1 . 5 Combat Bots Only 6 | . 3 3 . . 6 . 3 4 . 1 . 4 . . 1 . 5 Max Kills in Single Turn 3 | 1 1 2 . . 3 . 1 1 . 1 . 3 . . 1 . 3 Gunslinging . | . . . . . . . . . . . . . . . . . . Exploded 3 | . . 1 . . 3 . . . . . . 3 . . . . 3 Melee . | . . . . . . . . . . . . . . . . . . Uniques/NPCs Destroyed . | . . . . . . . . . . . . . . . . . . Combat | -11 -10 -10 -8 -8 -6 -6 -6 -5 -5 -5 -5 -5 -5 -4 -4 -4 -4 -------- Run | Yrd Mat Sub Rec Scr Fac Was Fac Fac Was Fac Upp Upp War Pro Fac Was Fac Hostile Shots Fired 550 | . 68 41 . . 163 . 18 53 1 3 6 6 46 4 16 . 125 Missed 160 | . 14 11 . . 39 . 5 5 1 1 3 2 21 3 5 . 50 Hits 390 | . 54 30 . . 124 . 13 48 . 2 3 4 25 1 11 . 75 Melee 9 | . . . . . 2 . . . . . . . . . . . 7 Projectile 381 | . 54 30 . . 122 . 13 48 . 2 3 4 25 1 11 . 68 AOE 2 | . . 1 . . . . . . . . . . . . . . 1 Critical Strikes 15 | . . . . . 1 . . 4 . . . . 2 . 2 . 6 Part Disruptions 1 | . . . . . 1 . . . . . . . . . . . . Damage Taken 7590 | . 647 718 . . 1933 . 240 878 . 103 59 67 603 23 253 25 2041 Core 1818 | . 87 118 . . 215 . 54 31 . . . . 145 . . . 1168 Absorbed by Shields . | . . . . . . . . . . . . . . . . . . Reduced by Siege Mode 89 | . . . . . . . 11 78 . . . . . . . . . Regen/Repaired (Parts) 401 | . 105 . . . 28 . . . . 110 . . 101 . . 46 11 Core Remaining (%) 67 | 100 . . . 18 . . 68 . . . . . . 82 . . . Volleys Fired 299 | 11 67 88 . . 42 . 7 31 . . 3 17 5 1 8 10 9 Largest 3 | 2 2 2 . . 3 . 3 3 . . 1 1 2 2 3 3 3 Hottest 190 | 40 112 112 . . 190 . 140 143 . . 113 46 80 80 176 190 128 Shots Fired 591 | 22 134 146 . . 109 . 21 77 . 1 3 18 10 2 19 14 15 Gun 375 | 22 96 41 . . 84 . 14 58 . 1 2 14 10 2 13 4 14 Cannon 206 | . 38 105 . . 19 . 7 19 . . 1 . . . 6 10 1 Launcher 10 | . . . . . 6 . . . . . . 4 . . . . . Special . | . . . . . . . . . . . . . . . . . . Kinetic 396 | 22 96 81 . . 69 . 14 62 . 1 2 14 6 . 13 5 11 Thermal 141 | . 34 31 . . 34 . 7 15 . . 1 . . . 6 9 4 Explosive 10 | . . . . . 6 . . . . . . 4 . . . . . Electromagnetic 38 | . 4 34 . . . . . . . . . . . . . . . Entropic 6 | . . . . . . . . . . . . . 4 2 . . . Robot Hit Streak 42 | 6 12 42 . . 18 . 6 17 . 2 . 4 8 10 6 11 3 Robot Miss Streak 5 | 2 3 2 . . 5 . 3 4 . . . 1 3 . 3 1 3 Penetration Max 1 | . . . . . . . . . . . . . . . . . 1 Secondary Targets . | . . . . . . . . . . . . . . . . . . Shots Hit Robots 394 | 14 86 89 . . 92 . 10 45 . 8 . 6 8 2 11 11 12 Core Hits 164 | 7 35 29 . . 41 . 5 20 . 2 . 7 . . 5 . 13 Critical Kills 4 | 1 . 1 . . . . . . . . . 1 . . . . 1 Critical Parts Destroyed 16 | . 1 . . . 11 . . . . 3 . . . . . . 1 Critical Strikes 27 | 1 1 3 . . 14 . 2 . . 3 . 1 . . . . 2 Burn 4 | . . . . . 3 . 1 . . . . . . . . . . Destroy 4 | 1 1 1 . . . . . . . . . 1 . . . . . Blast 3 | . . 2 . . . . 1 . . . . . . . . . . Smash 16 | . . . . . 11 . . . . 3 . . . . . . 2 Melee Attacks 109 | . . . . . 55 . 1 1 . 14 3 5 . 1 5 . 24 Impact 109 | . . . . . 55 . 1 1 . 14 3 5 . 1 5 . 24 Slashing . | . . . . . . . . . . . . . . . . . . Piercing . | . . . . . . . . . . . . . . . . . . Sneak Attacks 25 | . . . . . 15 . . . . 5 . 1 . . . . 4 Combat Hostiles . | . . . . . . . . . . . . . . . . . . Follow-up Attacks . | . . . . . . . . . . . . . . . . . . Damage Inflicted 13236 | 195 1261 1938 . . 4255 . 233 1115 . 748 . 849 303 116 341 507 1375 Guns 4807 | 195 733 680 . . 1153 . 172 760 . 28 . 119 303 116 185 116 247 Cannons 2933 | . 509 1176 . . 285 . 61 355 . . . . . . 156 391 . Explosions 2027 | . . 82 . . 666 . . . . . . 583 . . . . 696 Melee 3443 | . . . . . 2144 . . . . 720 . 147 . . . . 432 Ramming 26 | . 19 . . . 7 . . . . . . . . . . . . Kinetic 4903 | 195 733 1131 . . 928 . 113 947 . 28 . 119 160 . 185 148 216 Thermal 2709 | . 418 248 . . 581 . 120 168 . . . . . . 156 359 659 Explosive 1178 | . . . . . 595 . . . . . . 583 . . . . . Electromagnetic 718 | . 91 559 . . . . . . . . . . . . . . 68 Impact 3443 | . . . . . 2144 . . . . 720 . 147 . . . . 432 Slashing . | . . . . . . . . . . . . . . . . . . Piercing . | . . . . . . . . . . . . . . . . . . Entropic 259 | . . . . . . . . . . . . . 143 116 . . . Highest Corruption 13 | . . . . . 10 10 12 5 13 13 13 13 13 . . . 2 Average Corruption 8 | . . . . . 4 10 10 4 11 13 13 13 13 . . . 1 Corruption Purged . | . . . . . . . . . . . . . . . . . . Corruption Blocked . | . . . . . . . . . . . . . . . . . . Effects 175 | . . . . . 42 9 22 10 4 30 15 39 2 . . . 2 Message Errors 46 | . . . . . 11 . 5 5 2 11 4 8 . . . . . Matter Fused 43 | . . . . . 9 5 9 3 . 3 5 8 1 . . . . Heat Flow Errors 23 | . . . . . 6 2 2 . . 5 4 3 . . . . 1 Energy Discharges 26 | . . . . . 5 2 3 1 . 2 . 12 . . . . 1 Parts Rejected 1 | . . . . . . . . . 1 . . . . . . . . Parts Fused 2 | . . . . . . . 1 . . 1 . . . . . . . Data Loss (minor) 15 | . . . . . 3 . 1 1 . 4 2 3 1 . . . . Data Loss (major) 8 | . . . . . 4 . . . . 1 . 3 . . . . . Misfires 5 | . . . . . 3 . . . . 1 . 1 . . . . . Alerts 3 | . . . . . 1 . 1 . . 1 . . . . . . . Misdirections 3 | . . . . . . . . . 1 1 . 1 . . . . . Overload Shots . | . . . . . . . . . . . . . . . . . . Overflow Damage 2481 | . . 14 . . 1548 . . . . 413 . 161 . . . . 345 Projectiles 14 | . . 14 . . . . . . . . . . . . . . . Explosions 139 | . . . . . 11 . . . . . . 20 . . . . 108 Melee 2328 | . . . . . 1537 . . . . 413 . 141 . . . . 237 Knockbacks 30 | . . 5 . . 17 . . 4 . 2 . . . . . . 2 Impact 19 | . . . . . 15 . . . . 2 . . . . . . 2 Kinetic 11 | . . 5 . . 2 . . 4 . . . . . . . . . Secondary . | . . . . . . . . . . . . . . . . . . Self-Inflicted Damage 364 | . . 42 . . 92 . . . . . . . . . . . 230 Shots 8 | . . 1 . . 3 . . . . . . . . . . . 4 Rammed 1 | . . . . . 1 . . . . . . . . . . . . Targets Rammed 6 | . 5 . . . 1 . . . . . . . . . . . . Kicked 5 | . 5 . . . . . . . . . . . . . . . . Crushed . | . . . . . . . . . . . . . . . . . . Highest Temperature 518 | . 336 36 . . 344 260 251 337 47 229 200 219 . . 72 90 518 Average Temperature 104 | . 80 7 . . 123 109 105 157 25 88 80 98 . . 27 42 245 Received Heat Transfer 1105 | . 348 114 . . 186 . . 207 . . . 18 . 9 91 . 132 Effects 24 | . 1 . . . 3 . . 6 . . . . . . . . 14 Shutdowns 5 | . . . . . . . . . . . . . . . . . 5 Energy Bleed 4 | . 1 . . . . . . 1 . . . . . . . . 2 Interference 8 | . . . . . 3 . . 4 . . . . . . . . 1 Matter Decay 3 | . . . . . . . . 1 . . . . . . . . 2 Short Circuit 1 | . . . . . . . . . . . . . . . . . 1 Damage (minor) 1 | . . . . . . . . . . . . . . . . . 1 Damage (major) 2 | . . . . . . . . . . . . . . . . . 2 Siege Activations 5 | . . . . . . . 3 2 . . . . . . . . . Total Turns 108 | . . . . . . . 46 62 . . . . . . . . . Longest Duration 49 | . . . . . . . 38 49 . . . . . . . . . Martial Activations . | . . . . . . . . . . . . . . . . . . Shielding Activations . | . . . . . . . . . . . . . . . . . . Robots Disrupted . | . . . . . . . . . . . . . . . . . . Combat Hostiles . | . . . . . . . . . . . . . . . . . . Robots Corrupted 21 | . . 2 . . 14 . . . . 3 . . . . . . 2 Combat Hostiles 7 | . . 2 . . 4 . . . . 1 . . . . . . . Parts Fried 28 | . . 4 . . 15 . . . . 6 . . . . . . 3 Impact Corruptions 68 | . . . . . 50 . . . . 12 . 1 . . . . 5 Robots Melted . | . . . . . . . . . . . . . . . . . . Combat Hostiles . | . . . . . . . . . . . . . . . . . . Parts Melted 6 | . 1 . . . 3 . . 2 . . . . . . . . . Heat Transferred 4378 | . 888 322 . . 1450 . 350 350 . . . . . . 148 333 537 Parts Sabotaged . | . . . . . . . . . . . . . . . . . . Parts Stolen . | . . . . . . . . . . . . . . . . . . Parts Stripped . | . . . . . . . . . . . . . . . . . . Power Chain Reactions 1 | . . 1 . . . . . . . . . . . . . . . Alert | -11 -10 -10 -8 -8 -6 -6 -6 -5 -5 -5 -5 -5 -5 -4 -4 -4 -4 ------- Run | Yrd Mat Sub Rec Scr Fac Was Fac Fac Was Fac Upp Upp War Pro Fac Was Fac Maximum Alert Level 2 | . . . . . 1 . . 1 . . . . . . 1 . 2 Low Security (%) 84 | 100 100 . 100 . 64 100 100 67 100 100 . . . . 66 100 85 Level 1 14 | . . . . . 35 . . 32 . . . . . . 33 . 2 Level 2 1 | . . . . . . . . . . . . . . . . . 12 Level 3 . | . . . . . . . . . . . . . . . . . . Level 4 . | . . . . . . . . . . . . . . . . . . Level 5 . | . . . . . . . . . . . . . . . . . . High Security . | . . . . . . . . . . . . . . . . . . Max Security . | . . . . . . . . . . . . . . . . . . Peak Influence 506 | 10 137 . 58 . 317 109 61 390 119 62 . . . . 225 55 506 Initial 119 | . . . 58 . . 109 . 2 119 62 . . . . . 19 . Average 60 | 1 25 . 9 . 98 37 11 136 107 8 . . . . 80 7 68 Influence Increases 3957 | 30 430 295 . . 726 . 115 777 . 136 30 155 180 . 289 68 726 Destroy 0b10 Robot/C 1520 | . 320 140 . . 360 . 80 380 . 20 . 80 . . 40 . 100 Destroy 0b10 Robot/NC 195 | 30 25 . . . 80 . . 5 . 30 . 5 . . . . 20 Destroy Leader 354 | . 68 20 . . 124 . 20 70 . 10 . 10 . . 20 . 12 Allied During Kill 78 | . . . . . . . . 78 . . . . . . . . . Successful Hack 94 | . . . . . 31 . 12 16 . 32 . . . . 3 . . Disable Machine 180 | . . . . . 15 . . 75 . . . . . . 15 . 75 Anti-Garrison Action 300 | . . . . . . . . . . . . . . . 150 . 150 Destroy Structure 426 | . 2 . . . 71 . 3 138 . 14 . . . . 46 68 84 Partial Spotted 60 | . . . . . 15 . . 15 . 15 . . . . . . 15 Lose Combat Pursuer 750 | . 15 135 . . 30 . . . . 15 30 60 180 . 15 . 270 Influence Decreases 3457 | 30 430 172 123 . 413 313 109 441 253 225 25 160 96 84 234 123 226 Entered New Map 645 | . . . 65 . . 204 . 4 223 27 . 2 . 84 . 36 . Time Decay 2358 | 30 430 172 58 . 353 109 109 357 30 186 25 143 96 . 84 30 146 Lost Part 170 | . . . . . 60 . . 20 . 10 . . . . . . 80 Lost Ally 134 | . . . . . . . . 60 . 2 . 15 . . . 57 . Purge Threat 150 | . . . . . . . . . . . . . . . 150 . . Squads Dispatched 37 | . 2 . . . 8 . . 10 . 4 . 1 . . 3 . 9 Investigation 11 | . 1 . . . 2 . . 3 . 3 . . . . 1 . 1 Extermination 10 | . . . . . 5 . . 2 . 1 . . . . . . 2 Reinforcement 8 | . 1 . . . 1 . . 2 . . . . . . . . 4 Assault 5 | . . . . . . . . . . . . 1 . . 2 . 2 Garrison 3 | . . . . . . . . 3 . . . . . . . . . Intercept . | . . . . . . . . . . . . . . . . . . Searches Triggered . | . . . . . . . . . . . . . . . . . . Construction Impeded 1 | . . . . . . . . 1 . . . . . . . . . Haulers Reinforced . | . . . . . . . . . . . . . . . . . . Active Scanning Responses . | . . . . . . . . . . . . . . . . . . Cargo Convoy Interrupts 1 | . . . . . 1 . . . . . . . . . . . . Stealth | -11 -10 -10 -8 -8 -6 -6 -6 -5 -5 -5 -5 -5 -5 -4 -4 -4 -4 --------- Run | Yrd Mat Sub Rec Scr Fac Was Fac Fac Was Fac Upp Upp War Pro Fac Was Fac Distress Signals 10 | . 3 . . . 2 . . 1 . 2 . . 1 . . . 1 Communications Jammed 5 | . . . . . . . . . . . . . . . 2 . 3 Distress Signals 5 | . . . . . . . . . . . . . . . 2 . 3 Times Spotted 192 | . 28 28 . . 25 . 4 14 6 4 4 13 20 1 4 6 35 Peak Tracking Total 17 | . 5 3 . . 6 . 3 4 6 2 2 5 17 1 2 4 14 Tactical Retreats 25 | . 1 2 . . 2 . . . 1 1 2 3 5 . 1 . 7 Traps | -11 -10 -10 -8 -8 -6 -6 -6 -5 -5 -5 -5 -5 -5 -4 -4 -4 -4 ------- Run | Yrd Mat Sub Rec Scr Fac Was Fac Fac Was Fac Upp Upp War Pro Fac Was Fac Traps Triggered 14 | . 1 2 . . 2 . . 5 . 2 . . . . 1 . 1 Indirectly . | . . . . . . . . . . . . . . . . . . Trap Hack Attempts . | . . . . . . . . . . . . . . . . . . Triggered . | . . . . . . . . . . . . . . . . . . Disarmed . | . . . . . . . . . . . . . . . . . . Reprogrammed . | . . . . . . . . . . . . . . . . . . Reused . | . . . . . . . . . . . . . . . . . . Traps Extracted . | . . . . . . . . . . . . . . . . . . Installed . | . . . . . . . . . . . . . . . . . . Triggered . | . . . . . . . . . . . . . . . . . . Machines | -11 -10 -10 -8 -8 -6 -6 -6 -5 -5 -5 -5 -5 -5 -4 -4 -4 -4 ---------- Run | Yrd Mat Sub Rec Scr Fac Was Fac Fac Was Fac Upp Upp War Pro Fac Was Fac Machines Disabled 18 | . . 1 . . 1 . . 5 . . 1 1 . 1 2 . 6 Max in Single Turn 3 | . . 1 . . 1 . . 2 . . 1 1 . 1 2 . 3 Garrison Access 2 | . . . . . . . . . . . . . . . 1 . 1 Machines Repaired . | . . . . . . . . . . . . . . . . . . Machines Dismantled . | . . . . . . . . . . . . . . . . . . Machines Sabotaged . | . . . . . . . . . . . . . . . . . . Overloaded Fab Kills . | . . . . . . . . . . . . . . . . . . Hacking | -11 -10 -10 -8 -8 -6 -6 -6 -5 -5 -5 -5 -5 -5 -4 -4 -4 -4 --------- Run | Yrd Mat Sub Rec Scr Fac Was Fac Fac Was Fac Upp Upp War Pro Fac Was Fac Machines Accessed 80 | . 6 4 . 7 10 . 2 10 . 12 . 3 12 . 3 . 11 Terminals 29 | . 5 . . . 6 . 1 4 . 5 . . . . 2 . 6 Fabricators 5 | . . . . . 2 . 1 1 . 1 . . . . . . . Repair Stations 6 | . 1 . . . 1 . . 1 . 2 . . . . . . 1 Recycling Units 11 | . . . . . 1 . . 3 . 3 . . . . 1 . 3 Scanalyzers 1 | . . . . . . . . 1 . . . . . . . . . Garrison Access 2 | . . . . . . . . . . 1 . . . . . . 1 Total Hacks 209 | . 18 7 . 44 25 . 4 22 . 23 . 7 33 . 5 . 21 Successful 150 | . 9 7 . 44 10 . 2 12 . 14 . 7 33 . 3 . 9 Failed 59 | . 9 . . . 15 . 2 10 . 9 . . . . 2 . 12 Catastrophic 10 | . 1 . . . 3 . . . . 3 . . . . . . 3 Database Lockouts . | . . . . . . . . . . . . . . . . . . Manual 38 | . 9 . . . 6 . . 4 . 9 . . . 1 3 . 6 Terminals 72 | . 14 . . . 19 . 2 8 . 11 . . . . 4 . 14 Fabricators 8 | . . . . . 2 . 2 2 . 2 . . . . . . . Repair Stations 15 | . 4 . . . 2 . . 3 . 4 . . . . . . 2 Recycling Units 16 | . . . . . 2 . . 6 . 4 . . . . 1 . 3 Scanalyzers 3 | . . . . . . . . 3 . . . . . . . . . Garrison Access 4 | . . . . . . . . . . 2 . . . . . . 2 Terminal Hacks 110 | . 2 7 . 44 4 . . 3 . 5 . 7 33 . 1 . 4 Record 83 | . . 4 . 38 2 . . 1 . 3 . 5 27 . . . 3 Robot Analysis 6 | . . . . 6 . . . . . . . . . . . . . Prototype ID Bank 8 | . 1 . . . 1 . . 1 . 1 . . 4 . . . . Open Door 5 | . . 1 . . . . . . . . . 2 2 . . . . Open DSF 1 | . . . . . . . . . . . . . . . . . 1 Level Access Points 1 | . . . . . . . . 1 . . . . . . . . . Terminal Index 1 | . 1 . . . . . . . . . . . . . . . . Recycling Unit Index 1 | . . . . . 1 . . . . . . . . . . . . Unreport Threat 1 | . . . . . . . . . . . . . . . 1 . . Registered Components 1 | . . . . . . . . . . 1 . . . . . . . Proto ID Catalog 1 | . . 1 . . . . . . . . . . . . . . . Release Object 1 | . . 1 . . . . . . . . . . . . . . . Fabricator Hacks 5 | . . . . . 2 . 2 1 . . . . . . . . . Network Status 2 | . . . . . 1 . 1 . . . . . . . . . . Build 3 | . . . . . 1 . 1 1 . . . . . . . . . Repair Station Hacks 13 | . 4 . . . 2 . . 1 . 4 . . . . . . 2 Scan Component 7 | . 2 . . . 1 . . 1 . 2 . . . . . . 1 Repair 6 | . 2 . . . 1 . . . . 2 . . . . . . 1 Recycling Unit Hacks 6 | . . . . . . . . 4 . 1 . . . . . . 1 Process 1 | . . . . . . . . 1 . . . . . . . . . Report Inventory 4 | . . . . . . . . 2 . 1 . . . . . . 1 Retrieve Matter 1 | . . . . . . . . 1 . . . . . . . . . Scanalyzer 1 | . . . . . . . . 1 . . . . . . . . . Retrieve Study 1 | . . . . . . . . 1 . . . . . . . . . Garrison Access Hacks . | . . . . . . . . . . . . . . . . . . Unauthorized Hacks 15 | . 3 . . . 2 . . 2 . 4 . . . . 2 . 2 Terminals 7 | . 3 . . . 1 . . . . 1 . . . . 1 . 1 Assimilate 4 | . 1 . . . 1 . . . . 1 . . . . . . 1 Botnet 2 | . 1 . . . . . . . . . . . . . 1 . . Operators 1 | . 1 . . . . . . . . . . . . . . . . Fabricators . | . . . . . . . . . . . . . . . . . . Repair Stations . | . . . . . . . . . . . . . . . . . . Recycling Units 8 | . . . . . 1 . . 2 . 3 . . . . 1 . 1 Fedlink 6 | . . . . . 1 . . 1 . 3 . . . . 1 . . Scrapoids 2 | . . . . . . . . 1 . . . . . . . . 1 Scanalyzers . | . . . . . . . . . . . . . . . . . . Garrison Access . | . . . . . . . . . . . . . . . . . . Data Cores Recovered . | . . . . . . . . . . . . . . . . . . Used . | . . . . . . . . . . . . . . . . . . Hacking Detections 41 | . 5 . . . 7 . 2 8 . 8 . . . . 2 . 9 Full Trace Events 2 | . 1 . . . 1 . . . . . . . . . . . . Feedback Events . | . . . . . . . . . . . . . . . . . . Feedback Blocked . | . . . . . . . . . . . . . . . . . . Robot Schematics Acquired . | . . . . . . . . . . . . . . . . . . Robots Built . | . . . . . . . . . . . . . . . . . . Authchips . | . . . . . . . . . . . . . . . . . . Time . | . . . . . . . . . . . . . . . . . . Total Robot Build Rating . | . . . . . . . . . . . . . . . . . . Part Schematics Acquired 21 | . . . . . 13 2 1 3 1 1 . . . . . . . Parts Built 6 | . . . . . 2 . 2 2 . . . . . . . . . Authchips . | . . . . . . . . . . . . . . . . . . Time 200 | . . . . . 95 . 47 58 . . . . . . . . . Total Part Build Rating 34 | . . . . . 10 . 10 14 . . . . . . . . . Part Studies Acquired 1 | . . . . . . . . 1 . . . . . . . . . Parts Repaired 6 | . 2 . . . 1 . . . . 2 . . . . . . 1 Time 294 | . 52 . . . 50 . . . . 106 . . . . . . 86 Parts Recycled . | . . . . . . . . . . . . . . . . . . Recycled Matter 111 | . . . . . . . . 111 . . . . . . . . . Retrieved Matter 111 | . . . . . . . . 111 . . . . . . . . . Retrieved Components . | . . . . . . . . . . . . . . . . . . Parts Scanalyzed . | . . . . . . . . . . . . . . . . . . Part Schematics Acquired . | . . . . . . . . . . . . . . . . . . Parts Damaged . | . . . . . . . . . . . . . . . . . . Bothacking | -11 -10 -10 -8 -8 -6 -6 -6 -5 -5 -5 -5 -5 -5 -4 -4 -4 -4 ------------ Run | Yrd Mat Sub Rec Scr Fac Was Fac Fac Was Fac Upp Upp War Pro Fac Was Fac Used RIF Installer . | . . . . . . . . . . . . . . . . . . Robots Hacked . | . . . . . . . . . . . . . . . . . . Non-combat . | . . . . . . . . . . . . . . . . . . Combat . | . . . . . . . . . . . . . . . . . . Robot Hacks Applied . | . . . . . . . . . . . . . . . . . . Relay Couplers Released 5 | . . . . . . . 3 . . . . . . . 1 . 1 Machine Destruction 2 | . . . . . . . . . . . . . . . 1 . 1 Programmers 3 | . . . . . . . 3 . . . . . . . . . . Fabnet Peak Effective % . | . . . . . . . . . . . . . . . . . . Robots Rewired . | . . . . . . . . . . . . . . . . . . Allies Hacked . | . . . . . . . . . . . . . . . . . . Hacks Repelled . | . . . . . . . . . . . . . . . . . . Allies | -11 -10 -10 -8 -8 -6 -6 -6 -5 -5 -5 -5 -5 -5 -4 -4 -4 -4 -------- Run | Yrd Mat Sub Rec Scr Fac Was Fac Fac Was Fac Upp Upp War Pro Fac Was Fac Total Allies 29 | . 1 . . . . . . 5 . 1 . 3 . . . 18 1 Largest Group 18 | . 1 . . . . . . 5 . 1 . 3 . . . 18 2 Highest-Rated Group 656 | . 10 . . . . . . 238 . 26 . 75 . . . 656 52 Highest-Rated Ally 50 | . 10 . . . . . . 50 . 26 . 25 . . . 50 27 Initial UFD Resources 61 | . . . . . 22 32 32 34 41 41 49 49 49 51 51 61 61 Total Orders . | . . . . . . . . . . . . . . . . . . Ally Attacks 206 | . . . . . . . . 59 . . . 6 . . . 141 . Total Damage 6419 | . . . . . . . . 1125 . . . 166 . . . 5128 . Kills 21 | . . . . . . . . 10 . . . . . . . 11 . Allies Corrupted 3 | . . . . . . . . 1 . . . . . . . . 2 Allies Melted 1 | . . . . . . . . . . . . . 1 . . . . Intel | -11 -10 -10 -8 -8 -6 -6 -6 -5 -5 -5 -5 -5 -5 -4 -4 -4 -4 ------- Run | Yrd Mat Sub Rec Scr Fac Was Fac Fac Was Fac Upp Upp War Pro Fac Was Fac Active Infowar (turns) 13571 | 59 1248 3432 . . 2021 288 495 1088 64 749 362 816 1170 214 326 214 1025 Sensors 7900 | . . . . . 1216 286 495 1023 64 743 358 814 1170 214 326 214 977 IFF 858 | . . . . . 854 . . . . 4 . . . . . . . Structural 6785 | . . . . . 862 287 495 850 59 568 362 816 1170 214 250 213 639 Seismic 4739 | 59 1248 3432 . . . . . . . . . . . . . . . Jamming 369 | . . . . . . . . . . . . . . . 81 . 288 Robot Analysis Total 6 | . . . . 6 . . . . . . . . . . . . . Derelict Logs Recovered 6 | . . 2 . 1 . . . . . . 1 . . 2 . . . Drone Launches . | . . . . . . . . . . . . . . . . . . Drone Recoveries . | . . . . . . . . . . . . . . . . . . Exploration | -11 -10 -10 -8 -8 -6 -6 -6 -5 -5 -5 -5 -5 -5 -4 -4 -4 -4 ------------- Run | Yrd Mat Sub Rec Scr Fac Was Fac Fac Was Fac Upp Upp War Pro Fac Was Fac Turns Passed 20637 | 150 2755 4069 416 3332 2928 343 495 1100 64 749 362 816 1170 214 326 214 1134 Spaces Moved 16215 | 82 1461 2229 163 2140 1269 443 240 968 135 1099 703 1266 1853 404 237 220 1303 Core 271 | 16 . . . 118 . . . . . . . . . . . . 137 Treads 6131 | . 372 2229 163 2022 886 . 240 219 . . . . . . . . . Legs 1155 | 66 1089 . . . . . . . . . . . . . . . . Wheels 101 | . . . . . . . . 101 . . . . . . . . . Hover 8557 | . . . . . 383 443 . 648 135 1099 703 1266 1853 404 237 220 1166 Flight . | . . . . . . . . . . . . . . . . . . Fastest Speed 43 | 50 120 160 160 50 53 58 160 43 43 43 47 47 47 47 47 48 46 Average Speed 101 | 125 158 161 249 154 133 72 160 79 43 45 47 47 49 47 67 79 52 Slowest Speed 600 | 200 190 250 250 600 160 114 160 165 43 47 47 47 115 47 116 116 133 Overloaded Moves . | . . . . . . . . . . . . . . . . . . Propulsion Burnouts . | . . . . . . . . . . . . . . . . . . Robots Hopped . | . . . . . . . . . . . . . . . . . . Potential Cave-ins 5 | . . . . . . . . . . . . 5 . . . . . Cave-ins Triggered . | . . . . . . . . . . . . . . . . . . Exploration Rate (%) 57 | 5 99 87 21 92 20 94 7 23 93 22 89 94 94 67 9 86 31 Regions Visited 17 Branch Regions 7 Pre-discovered Areas 6 | . . 1 . 4 . . . 1 . . . . . . . . . Known Exits Taken 7 | . . 1 . . . . 1 . . 1 1 1 1 1 . . . Unknown Exits Taken 4 | 1 1 . 1 1 . . . . . . . . . . . . . Scrap Searched 10 | . . . . 4 . . . . . . 4 2 . . . . . Spaces Dug 77 | . . 3 . . 22 . 1 1 . 7 3 16 . . 7 . 17 Terrain Destroyed 343 | . . 13 . . 79 . 3 62 . 7 4 90 5 . 38 1 41 Melee 57 | . . . . . 21 . 1 1 . 7 3 4 . . 5 . 15 Projectile 65 | . . 8 . . 5 . 2 12 . . 1 17 5 . 8 1 6 AOE 220 | . . 5 . . 53 . . 48 . . . 69 . . 25 . 20 Terrain Rammed . | . . . . . . . . . . . . . . . . . . Walls Destroyed . | . . . . . . . . . . . . . . . . . . Machines Disabled . | . . . . . . . . . . . . . . . . . . Actions | -11 -10 -10 -8 -8 -6 -6 -6 -5 -5 -5 -5 -5 -5 -4 -4 -4 -4 --------- Run | Yrd Mat Sub Rec Scr Fac Was Fac Fac Was Fac Upp Upp War Pro Fac Was Fac Total 19546 | 103 1761 2534 177 2166 2303 466 335 1231 139 1314 726 1460 2099 423 377 246 1686 Wait 2258 | . 156 137 . . 834 . 74 143 2 156 6 157 210 12 103 4 264 Move 16201 | 81 1460 2228 162 2139 1269 442 239 968 134 1098 702 1265 1852 403 237 219 1303 Hop . | . . . . . . . . . . . . . . . . . . Pick Up 112 | 4 21 9 6 18 20 3 4 10 1 3 2 1 . . 1 1 8 Fast Attach 70 | 7 1 2 . 5 8 2 . 16 1 3 2 . 9 3 . 1 10 Attach 76 | . 3 4 . 1 13 7 4 13 . 5 1 4 1 . 7 3 10 Detach 66 | . 3 3 3 2 5 7 1 10 . 4 1 5 1 . 6 5 10 Swap 207 | . 25 44 . . 39 2 3 22 1 18 1 4 11 . 8 2 27 Drop 131 | . 20 19 6 1 17 3 2 17 . 3 5 2 9 3 2 1 21 Fire 299 | 11 67 88 . . 42 . 7 31 . . 3 17 5 1 8 10 9 Melee 109 | . . . . . 55 . 1 1 . 14 3 5 . 1 5 . 24 Ram . | . . . . . . . . . . . . . . . . . . Kick 5 | . 5 . . . . . . . . . . . . . . . . Crush 1 | . . . . . 1 . . . . . . . . . . . . Escape Stasis 10 | . . . . . . . . . . 10 . . . . . . . Rewire 1 | . . . . . . . . . . . . . 1 . . . . Trap . | . . . . . . . . . . . . . . . . . . Miscellaneous . | . . . . . . . . . . . . . . . . . . Route ------- -11/Scrapyard -10/Materials (discovered 5 exits: [*Mat x2] / [*Min x2] / *Sub) -10/Subcaves (discovered 3 exits: [*Mat x2] / *Rec) -8/Recycling -8/Scraptown (discovered 2 exits: *Fac x2) -6/Factory (discovered 3 exits: Fac / Low x2) -6/Waste -6/Factory (discovered 3 exits: *Fac / Low x2) -5/Factory (discovered 5 exits: Fac x4 / Ext) -5/Waste -5/Factory -5/Upper Caves -5/Upper Caves (discovered 2 exits: *Fac / *War) -5/Warlord -4/Proximity Caves -4/Factory -4/Waste -4/Factory (discovered 2 exits: *Upp x2) History --------- Turn | Location | Event 30 | -11/Scrapyard | Discovered new exit (range 14) 151 | -11/Scrapyard | Entered Materials 309 | -10/Materials | Build established: Mutant 454 | -10/Materials | Discovered new exit (range 14) 801 | -10/Materials | Discovered new exit (range 13) 985 | -10/Materials | Discovered new exit (range 8) 1423 | -10/Materials | Build established: Scavenger-Mutant 1705 | -10/Materials | Discovered new exit (range 8) 1814 | -10/Materials | Build established: Mutant 2035 | -10/Materials | Repaired Lgt. Armor Plating 2062 | -10/Materials | Repaired Lgt. Armor Plating 2665 | -10/Materials | Discovered new exit (range 9) 2906 | -10/Materials | Entered Subcaves 2907 | -10/Subcaves | Approached by a straggling Scientist 3947 | -10/Subcaves | Learned Materials garrison access intel 4073 | -10/Subcaves | Core integrity fell below 50% 4124 | -10/Subcaves | Shifting Twisted Machinery released Battle Cannon 4134 | -10/Subcaves | Shifting Twisted Machinery released Sub. Machine Gun 4389 | -10/Subcaves | Discovered new exit (range 10) 4411 | -10/Subcaves | Visited Clippyterm 4416 | -10/Subcaves | Identified exit to Recycling 4416 | -10/Subcaves | Learned location of Section 7 (-3) 4540 | -10/Subcaves | Shifting Twisted Machinery released Battle Rifle 4574 | -10/Subcaves | Discovered new exit (range 6) 4595 | -10/Subcaves | Shifting Twisted Machinery released Sub. Beam Cannon 4684 | -10/Subcaves | A swath of the cavern ceiling suddenly collapsed 5103 | -10/Subcaves | Core integrity fell below 20% 5449 | -10/Subcaves | Shifting Twisted Machinery released Sub. Shrapnel Launcher 5469 | -10/Subcaves | Shifting Twisted Machinery released Sub. Machine Gun 6486 | -10/Subcaves | Learned Materials terminal intel 6553 | -10/Subcaves | Visited 4L-MR0's lab 6567 | -10/Subcaves | Found Prototype Power Core 6573 | -10/Subcaves | Identified Meta Core 6835 | -10/Subcaves | Attached Meta Core, gained temporary slots: Propulsion, Utility, Weapon 6894 | -10/Subcaves | Found SUBCON Basin 6975 | -10/Subcaves | Entered Recycling 6976 | -8/Recycling | Met a Zionite searching for Scraptown 7170 | -8/Recycling | Build established: Tank 7185 | -8/Recycling | Scanned before Scraplab entrance 7220 | -8/Recycling | Entered Scraplab 7384 | -8/Recycling | Discovered new exit (range 3) 7391 | -8/Recycling | Entered Scraptown 7644 | -8/Scraptown | Visited Assassins FH 7646 | -8/Scraptown | Heard Great Nut preacher, LISTEN AND RECITE! 7678 | -8/Scraptown | Build established: Mutant 7702 | -8/Scraptown | Visited UFD Registry 7702 | -8/Scraptown | Registered with UFD as "Gravchaser" 7791 | -8/Scraptown | Visited Symbiants 7806 | -8/Scraptown | Visited Awakened 8125 | -8/Scraptown | Visited TADAMA 8189 | -8/Scraptown | Visited Junk Repository 8320 | -8/Scraptown | Scanned Subdweller tech in exchange for log data 8325 | -8/Scraptown | Learned Research terminal intel 8531 | -8/Scraptown | Visited Fellowship of the Rings 8658 | -8/Scraptown | Visited Analyses Database 8693 | -8/Scraptown | Visited Curators Association 8918 | -8/Scraptown | Discovered new exit (range 13) 9091 | -8/Scraptown | Visited Derelict Rescue Squad 9102 | -8/Scraptown | Found DRS Beacon 9191 | -8/Scraptown | Delivered Scrap Shield to a Scientist 9401 | -8/Scraptown | Visited Abandonware Association 9431 | -8/Scraptown | Learned abandonware demo "HACKBUD.EXE" 9431 | -8/Scraptown | Learned abandonware demo "REBOOT5.EXE" 9476 | -8/Scraptown | Visited Supply Room 9521 | -8/Scraptown | Visited Scrap Suit Storage 9568 | -8/Scraptown | Visited Cartography Club 9933 | -8/Scraptown | Released all parts (5) 9971 | -8/Scraptown | Found Deep Structural Scanner 9980 | -8/Scraptown | Learned location of Lower Caves (-7) 9980 | -8/Scraptown | Learned 8 Materials zone layouts 9980 | -8/Scraptown | Learned 12 Materials zone layouts 9980 | -8/Scraptown | Learned 8 Factory zone layouts 9980 | -8/Scraptown | Learned 12 Factory zone layouts 9980 | -8/Scraptown | Learned 12 Research zone layouts 9980 | -8/Scraptown | Learned 4 Storage zone layouts 9980 | -8/Scraptown | Learned 16 Upper Caves zone layouts 9980 | -8/Scraptown | Learned 20 Proximity Caves zone layouts 9980 | -8/Scraptown | Learned location of 1 exit from Upper Caves 9980 | -8/Scraptown | Learned location of 3 exits from Proximity Caves 10066 | -8/Scraptown | Visited Research Penetration Think Tank 10104 | -8/Scraptown | Visited Scrapoid Pod Storage 10112 | -8/Scraptown | Found Scrapoid Pod 10143 | -8/Scraptown | Visited Botcube Research 10555 | -8/Scraptown | Met Optimus 10555 | -8/Scraptown | Accepted into 0bPrime 10717 | -8/Scraptown | Discovered new exit (range 5) 10723 | -8/Scraptown | Entered Factory 10723 | -6/Factory | Evolved 8 slots: Propulsion x3, Utility x4, Weapon x1 10724 | -6/Factory | Identified exit to Lower Caves 10725 | -6/Factory | Identified exit to Factory 10866 | -6/Factory | Tech Extrapolator generated special schematic: Deep Structural Scanner 10926 | -6/Factory | Repaired Angular Momentum Engine 11412 | -6/Factory | Tech Extrapolator generated special schematic: Energy Deflector 11498 | -6/Factory | Tech Extrapolator generated special schematic: Machine Rigger 11576 | -6/Factory | Allied Derelicts emerged from ambush trap array 11886 | -6/Factory | Build established: Tank 11952 | -6/Factory | Fabricated Imp. Gravmag System (x2) 12038 | -6/Factory | Cargo convoy interrupted 12739 | -6/Factory | Loaded intel: 8 recycling unit locations 13057 | -6/Factory | Build established: Mutant 13504 | -6/Factory | System corruption reached 10% 13651 | -6/Factory | Sucked down chute 13651 | -6/Factory | Entered Waste 13651 | -6/Waste | The area was eerily silent 13740 | -6/Waste | Found Prototype Protection 13740 | -6/Waste | Identified Centrium Heavy Armor Plating 13812 | -6/Waste | Discovered new exit (range 13) 13989 | -6/Waste | Build established: Scout 13993 | -6/Waste | Identified exit to Factory 13994 | -6/Waste | Entered Factory 14192 | -6/Factory | Fabricated Imp. Particle Charger (x2) 14244 | -6/Factory | Discovered exit to Factory (range 14) 14489 | -6/Factory | Entered another Factory area 14489 | -5/Factory | Evolved 2 slots: Power x1, Propulsion x1 14490 | -5/Factory | Identified exit to Extension 14491 | -5/Factory | Discovered new exit (range 18) 14520 | -5/Factory | Loaded intel: 8 recycling unit locations 14520 | -5/Factory | Learned location of Protoforge (-3) 14536 | -5/Factory | Build established: Skirmisher 14803 | -5/Factory | Scrapoid reinforcements arrived 14973 | -5/Factory | Fabricated Centrium Wheel (x2) 15056 | -5/Factory | Garrison activated, responded to threat 15108 | -5/Factory | Lost 4 allies 15447 | -5/Factory | Identified exit to Factory 15589 | -5/Factory | Sucked down chute 15589 | -5/Factory | Entered Waste 15601 | -5/Waste | Spotted C-40 Crusher 15604 | -5/Waste | EMP discharged 15604 | -5/Waste | System corruption reached 10% 15607 | -5/Waste | Spotted C-40 Crusher 15609 | -5/Waste | Spotted C-40 Crusher 15622 | -5/Waste | Spotted C-40 Crusher 15622 | -5/Waste | Spotted C-40 Crusher 15622 | -5/Waste | Spotted C-40 Crusher 15649 | -5/Waste | Discovered new exit (range 11) 15653 | -5/Waste | Identified exit to Factory 15653 | -5/Waste | Entered Factory 15667 | -5/Factory | Loaded intel: 8 recycling unit locations 15768 | -5/Factory | Found Prototype Launcher 15768 | -5/Factory | Identified Tesla Bomb Launcher 15861 | -5/Factory | Found Prototype Launcher 15877 | -5/Factory | Identified Smartbomb Launcher 15944 | -5/Factory | Repaired Lgt. Angular Momentum Engine 16180 | -5/Factory | Build established: Scout 16311 | -5/Factory | Repaired KE Penetrator 16316 | -5/Factory | Discovered new exit (range 8) 16320 | -5/Factory | Identified exit to Upper Caves 16402 | -5/Factory | Entered Upper Caves 16403 | -5/Upper Caves | Identified exit to Upper Caves 16404 | -5/Upper Caves | UFD Scientist delivered a prototype 16405 | -5/Upper Caves | Found Prototype Protection 16408 | -5/Upper Caves | Identified Enh. Scrap Shield 16732 | -5/Upper Caves | Learned 8 Factory zone layouts 16764 | -5/Upper Caves | Entered another Upper Caves area 16779 | -5/Upper Caves | Discovered exit to Factory (range 9) 17111 | -5/Upper Caves | Entered an active Warlord outpost 17117 | -5/Upper Caves | Learned Extension trap positions 17117 | -5/Upper Caves | Learned Armory emergency access door positions 17118 | -5/Upper Caves | A Commander dispatched an escort 17158 | -5/Upper Caves | Attracted the attention of an 0b10 outpost 17196 | -5/Upper Caves | Lost 3 allies 17452 | -5/Upper Caves | Discovered new exit (range 12) 17458 | -5/Upper Caves | Identified exit to Warlord 17580 | -5/Upper Caves | Entered Warlord 17597 | -5/Warlord | Discovered new exit (range 8) 17600 | -5/Warlord | Identified exit to Proximity Caves 17646 | -5/Warlord | System corruption cleaned by Quarantine Array 17851 | -5/Warlord | Learned Armory trap positions 17851 | -5/Warlord | Learned Quarantine stockpile data 17851 | -5/Warlord | Learned 4 Access zone layouts 17851 | -5/Warlord | Learned 4 Testing zone layouts 17852 | -5/Warlord | Learned Armory security intel 17852 | -5/Warlord | Learned Quarantine security intel 17887 | -5/Warlord | Opened side exit 17918 | -5/Warlord | Warlord's base attacked by MAIN.C 18118 | -5/Warlord | Lost 4 allies 18118 | -5/Warlord | Warlord forces counterattacked 18186 | -5/Warlord | Found Prototype Energy Gun 18186 | -5/Warlord | Identified Vortex Rifle 18189 | -5/Warlord | Found Prototype Energy Cannon 18189 | -5/Warlord | Identified Vortex Cannon 18193 | -5/Warlord | Found Prototype Launcher 18193 | -5/Warlord | Identified Vortex Catalyst Activator 18198 | -5/Warlord | Found Vortex Rifle 18355 | -5/Warlord | Rebuked by Warlord 18411 | -5/Warlord | Spotted B-86 Titan 18418 | -5/Warlord | Spotted Executioner 18418 | -5/Warlord | Spotted Executioner 18593 | -5/Warlord | Warlord base infiltrated, sounded retreat 18750 | -5/Warlord | Entered Proximity Caves 18771 | -4/Proximity Caves | Lost 4 allies 18791 | -4/Proximity Caves | Acquired the password to a Derelict Tinkerer's latest research 18796 | -4/Proximity Caves | Found Prototype Special Weapon 18796 | -4/Proximity Caves | Identified Molecular Deconstructor 18824 | -4/Proximity Caves | Learned Research emergency access door positions 18911 | -4/Proximity Caves | Attracted the attention of an 0b10 checkpoint 18964 | -4/Proximity Caves | Entered Factory 18964 | -4/Factory | Evolved 2 slots: Utility x2 18965 | -4/Factory | Identified exit to Research 18981 | -4/Factory | Loaded intel: 8 recycling unit locations 19290 | -4/Factory | Sucked down chute 19290 | -4/Factory | Entered Waste 19300 | -4/Waste | Warlord forces began an assault 19312 | -4/Waste | Spotted C-40 Crusher 19312 | -4/Waste | Spotted C-40 Crusher 19320 | -4/Waste | Spotted C-40 Crusher 19322 | -4/Waste | Spotted C-40 Crusher 19328 | -4/Waste | Allies destroyed C-40 Crusher 19336 | -4/Waste | Allies destroyed C-40 Crusher 19343 | -4/Waste | Spotted C-40 Crusher 19346 | -4/Waste | Allies destroyed C-40 Crusher 19356 | -4/Waste | Allies destroyed C-40 Crusher 19356 | -4/Waste | Spotted C-40 Crusher 19364 | -4/Waste | Allies destroyed C-40 Crusher 19382 | -4/Waste | Lost 8 allies 19494 | -4/Waste | Discovered new exit (range 12) 19503 | -4/Waste | Identified exit to Factory 19504 | -4/Waste | Entered Factory 19504 | -4/Factory | Accompanied by 2 allies 19806 | -4/Factory | Found Prototype Processor 19806 | -4/Factory | Identified Exp. Signal Interpreter 19854 | -4/Factory | Discovered new exit (range 6) 19865 | -4/Factory | Identified exit to Upper Caves 20379 | -4/Factory | Repaired Broken Lgt. Antimatter Reactor? 20470 | -4/Factory | Build established: Mutant 20570 | -4/Factory | Released all parts (7) 20576 | -4/Factory | Discovered exit to Upper Caves (range 9) 20579 | -4/Factory | Core integrity fell below 50% 20600 | -4/Factory | Lost 6 parts (1p4n1u) 20618 | -4/Factory | Core integrity fell below 20% 20638 | -4/Factory | Destroyed by P-70 Sage with High-powered Shock Rifle Last Messages --------------- 20570_ Released Lrg. Storage Unit. 20570_ Released Adv. Signal Interpreter. 20570_ Released Imp. Gyrokinetic Inverter. 20570_ Released Imp. Transmission Jammer. 20574_ U-05 Engineer builds a Wall. 20574_ Slug penetrates Wall. 20574_ U-05 Engineer builds a Wall. 20576_ EXIT=FOUND: UPPER CAVES 20579_ Critical hit (Burn: +37). 20579_ Penetrated by Slug. 20581_ ALERT: Hostiles spotted, dispatching reinforcements to Terminal F014. 20582_ Penetrated by Slug. 20597_ K-01 Serf cleans the Fusion Modulator. 20599_ System corrupted: Energy discharge (-36). 20621_ Connecting with DSF Access... 20635_ Nuclear Reactor explodes. 20636_ Penetrated by Slug. [Achievement: Just Browsing] [Achievement: Achiever] Map ----- +----------------------------------------------------+ | ???????????????????????????????? | | ???????????????????????????????? | | ???????????????????????????????? | | ???????????????????????????????? | | ???????????????????????????????? | | ???????????????????????????????? | | ???????????????????????????????? | | ???????????????????????????????? | | ???????????????????????????????? | | ???????????????????????????????? | | ???????????????????????????????? | | ???????????????????????????????? | | ??#+#???????????????##?????????? | | ??# #???????????????# ##???#???? | | ??# #???????????????# ?? ???? | | ??# #???????????????# "?? ""??? | | ??# #???????????????# ""? """?? | | ??# #???####????????# """ """?# | | ### #####T #####+#### # | | # """ """ # | | # """ """ # | | + """ """ # | | p # # | | # ! # | | ##+########## p =# | | ## * @ # | | == # ! """Y""" # | | == """"""" # | | == # ? | | # ########## | | #????????? | | "" """" #????????? | | "" """" #????????? | | "" """" ????????? | | "" """" # ##????????? | | ? ??? # #?????????? | | ? ?????# """ """ #?????????? | | ??#??????## """ """ ##?????????? | | ??????????# """ """ #??????????? | | ????????????? #??????????? | | ????????????? #??????????? | | ??????????????###?##???????????? | | ???????????????????????????????? | | ???????????????????????????????? | | ???????????????????????????????? | | ???????????????????????????????? | | ???????????????????????????????? | | ???????????????????????????????? | | ???????????????????????????????? | | ???????????????????????????????? | +----------------------------------------------------+ Best States ------------- Heat Dissipation 74 Energy Generation 37 Energy Capacity 555 Matter Stores 300 Matter Capacity 300 Sight Range 16 Robot Scan Range 16 Terrain Scan Density 10 Jamming Range 14 Armor Coverage 800 Evasion (%) 63 Recoil Reduction 5 Salvage Targeting 1 Offensive Hacking 26 Item Schematics ----------------- Deep Structural Scanner | -6/Factory | Extrapolated Mak. Power Source | -6/Factory | Extrapolated 0b10 Decoder Chip [Skirmisher] | -6/Factory | Extrapolated Energy Deflector | -6/Factory | Extrapolated Machine Rigger | -6/Factory | Extrapolated Hvy. Beamcaster | -6/Factory | Extrapolated Mak. Shrapnel Gun | -6/Factory | Extrapolated Multitool | -6/Factory | Extrapolated Beamcaster | -6/Factory | Extrapolated Mak. Core Shielding | -6/Factory | Extrapolated Mak. Hover Unit | -6/Factory | Extrapolated Mak. Terrain Scan Processor | -6/Factory | Extrapolated Mak. Light Armor Plating | -6/Factory | Extrapolated Mak. Coolant Network | -6/Waste | Extrapolated Mak. Laser | -6/Waste | Extrapolated Mak. System Shield | -6/Factory | Extrapolated Mak. Hacking Suite | -5/Factory | Extrapolated Mak. Transmission Jammer | -5/Factory | Extrapolated Mak. Thermal Plating | -5/Factory | Extrapolated Tactical Coordination Suite | -5/Waste | Extrapolated Mak. Terrain Scanner | -5/Factory | Extrapolated Robot Schematics ------------------ None Fabricated ------------ Imp. Gravmag System | x2 | -6/Factory | Preloaded Imp. Particle Charger | x2 | -6/Factory | Preloaded Centrium Wheel | x2 | -5/Factory | Preloaded Repaired ---------- Lgt. Armor Plating | 10% | -10/Materials Lgt. Armor Plating | 73% | -10/Materials Angular Momentum Engine | 68% | -6/Factory Lgt. Angular Momentum Engine | 50% | -5/Factory KE Penetrator | 51% | -5/Factory Lgt. Antimatter Reactor | 99% | -4/Factory | Broken Studied --------- Antigrav System | -5/Factory | Hacked Alien Tech Used ----------------- None Achievements -------------- A Powerful Ally? Achiever Below Charge!!! Dramatic Entrance Hulk Smash Immobile And Lovin' It Inventory Pressure Just Browsing Link The Feds Loot Taster Recruitment Drive Scientist At Large Thread The Needle Around The Corner Challenges ------------ None Game ------ Seed GunAlertGravjet Manual? 0 Play Time 06:13:36 Cumulative 39.8 hours Start 2026.04.19 @ 23:50:35 End 2026.04.20 @ 09:35:48 Sessions 1 Manual Loads 0 Difficulty Rogue Special Mode None Game No. 25 Rogue 25 Adventurer 0 Explorer 0 Win Type - Total 0 Types 0/0/0/0/0/0/0/0/0/0 Lore% 37 Gallery% 26 Achievement% 26 Wizard Run 0 Options --------- Layout 0 ASCII 0 Keyboard 1 Movement Arrows Keybinds 0 Fullscreen 2 Font 18/SmallcapsGlow Map View 76x50 Zoom Use 0% Tactical HUD 1 Map Filters NONE Filters NONE Steam 1 RUN: 5cc0aa28-3593-4c5e-a04e-6e1ce5736546